 Seeded DCSS version 0.30.1-9-gdf580d7c3d (webtiles) character file.

Game seed: 7229806256980976716 (custom seed)

83 Psyclone the Digger (level 5, -1/38 HPs)
             Began as a Meteoran Earth Elementalist on Oct 16, 2023.
             Slain by a wyvern zombie (4 damage)
             ... on level 3 of the Dungeon.
             The game lasted 00:02:12 (865 turns).

Psyclone the Digger (Meteoran Earth Elementalist)    Turns: 865, Time: 00:02:13

Health: -1/38      AC:  5    Str:  9    XL:     5   Next: 2%
Magic:  5/11       EV: 12    Int: 18    God:
Gold:   3872       SH:  0    Dex: 15    Spells: 1/11 levels left

rFire   . . .        (no weapon)
rCold   . . .        (no shield)
rNeg    . . .        a - +0 robe
rPois   .            (no helmet)
rElec   .            (no cloak)
rCorr   .            m - +0 pair of gloves
SInv    .            (no boots)
Will    .....        (no amulet)
Stlth   +            (no ring)
HPRegen 0.26/turn    (no ring)
MPRegen 0.12/turn

%: no passive effects
@: very slightly contaminated, glowing
A: sense surroundings 1, otherworldly, glowing, explore regen, iridescent scales
1, evolution 2, MP-powered wands, noise suppression
a: no special abilities


You were on level 3 of the Dungeon.
You visited 1 branch of the dungeon, and saw 3 of its levels.

You collected 3872 gold pieces.

Inventory:

Missiles
 d - a throwing net {!f}
Armour
 a - a +0 robe (worn)
 m - a +0 pair of gloves (worn)
Scrolls
 c - 3 scrolls of amnesia {unknown}
 e - 2 scrolls of identify {unknown}
 f - 2 scrolls of blinking {unknown}
 h - a scroll of enchant armour {unknown}
 l - a scroll of poison {unknown}
Potions
 b - a potion of magic
 g - a potion of might {unknown}
 i - 2 potions of curing {unknown}
 j - a potion of invisibility {unknown}
 k - a potion of brilliance {unknown}
 n - a potion of mutation


   Skills:
 - Level 2.4 Dodging
 - Level 1.4 Stealth
 - Level 3.9 Spellcasting
 + Level 1.1 Necromancy
 - Level 2.3 Transmutations
 - Level 4.6 Earth Magic


You had one spell level left.
You knew the following spells:

 Your Spells              Type           Power      Damage    Failure   Level
a - Sandblast             Erth           40%        2d10      2%          1
b - Passwall              Tmut/Erth      13%        N/A       5%          2
c - Stone Arrow           Conj/Erth      24%        3d8       17%         3
d - Dispel Undead         Necr           7%         3d8       65%         4

Your spell library contained the following spells:

 Spells                   Type           Power      Damage    Failure   Level
 Cigotuvi's Dreadful Rot  Necr/Pois/Air  8%         N/A       19%         2
 Poisonous Vapours        Pois/Air       6%         N/A       22%         2
 Petrify                  Tmut/Erth      16%        N/A       34%         4
 Mephitic Cloud           Conj/Pois/Air  3%         N/A       41%         3
 Freezing Cloud           Conj/Ice/Air   1%         6-21      99%         5
 Death Channel            Necr           3%         N/A       100%        6


Dungeon Overview and Level Annotations

Branches:
Dungeon (3/15) Zot: 915

Altars:
Zin

Annotations:
D:3 turdburglar's ghost, amateur MfGl


Innate Abilities, Weirdness & Mutations

You passively map a small area around you.
You are easily found by Zot.
You glow in the dark.
You regain HP and MP as you explore.
You are partially covered in iridescent scales. (AC +2)
You have great hidden genetic potential.
You expend magic power (3 MP) to strengthen your wands.
You passively dampen the noise of your surroundings.


Message History

The wyvern zombie bites you!
The bullfrog skeleton hits you but does no damage.
You take 8 damage, and have 29/38 hp.
MASSIVE DAMAGE!!
Turdburglar's ghost shrieks, "There is no future for me!"
The wyvern zombie bites you.
You take 5 damage, and have 24/38 hp.
The wyvern zombie attacks as you move away!
The wyvern zombie barely misses you. The bullfrog skeleton hits you.
You take 4 damage, and have 20/38 hp.
The bullfrog skeleton attacks as you move away!
The bullfrog skeleton hits you but does no damage.
You see here a jackal skeleton.
The wyvern zombie bites you.
You see here a jackal skeleton.
You take 4 damage, and have 17/38 hp.
The wyvern zombie attacks as you move away!
The wyvern zombie bites you.
* * * LOW HITPOINT WARNING * * *
You take 6 damage, and have 11/38 hp.
Casting: Sandblast (safe; 2% risk of failure)
Confirm with . or Enter, or press ? or * to list all spells.
The spell is quite dangerous to miscast (17% risk of failure)!
Continue anyway?
Aiming: Stone Arrow (quite dangerous; 17% risk of failure)
Press: ? - help, Shift-Dir - straight line, f - wyvern zombie
Aim: a wyvern zombie (89% to hit)
The stone arrow hits the wyvern zombie!
The wyvern zombie is moderately damaged.
The wyvern zombie barely misses you. The wyvern zombie bites you!
* * * LOW HITPOINT WARNING * * *
You take 9 damage, and have 3/38 hp.
MASSIVE DAMAGE!!
You now have 8/11 mp.
Casting: Stone Arrow (quite dangerous; 17% risk of failure)
Confirm with . or Enter, or press ? or * to list all spells.
The spell is quite dangerous to miscast (17% risk of failure)!
Continue anyway?
Aiming: Stone Arrow (quite dangerous; 17% risk of failure)
Press: ? - help, Shift-Dir - straight line, f/p - wyvern zombie
Aim: a wyvern zombie (moderately damaged, 89% to hit)
You miscast Stone Arrow.
You are very lightly contaminated with residual magic.
Nothing appears to happen.
The wyvern zombie bites you.
You die...

#............#
#.....#
#............##
#.##.<#
##.........ZW.#
#.##..#
##....#...##.###
###.##..## ##
####.######.W.#
##...##...# .# #..#
###Z###..###..#.# .#
##.# #Z##..####.##.#
.## #.# #Z##.##
#..##.## ..### #.#
###@##.####.###..#
#...## #.#
#...........# ##.#
###..# #.#
#..........## #.#
##.# #.# #..........#
#.# #.# #.#
#........).#####.###
#.###.#
#..........#........
#..##.#
##...................
##.##.#
#....................
#.##.#
#.................[..


You could see turdburglar's ghost, a wyvern zombie and 2 bullfrog skeletons.

Vanquished Creatures
  A jelly (D:2)
  An adder (D:2)
  An ufetubus (D:3)
  A worm (D:3)
  2 ball pythons
  2 bats
  3 endoplasms
  4 giant cockroaches
  A hobgoblin (D:1)
  10 jackals
  2 quokkas
  A frilled lizard (D:1)
  3 rats
32 creatures vanquished.

Notes
Turn   | Place    | Note
-------+----------+-------------------------------------------
     0 | D:1      | Psyclone the Meteoran Earth Elementalist began the quest
                  | for the Orb.
     0 | D:1      | Reached XP level 1. HP: 14/14 MP: 5/5
    64 | D:1      | Identified 3 scrolls of acquirement
    64 | D:1      | Acquired 1248 gold pieces
    65 | D:1      | Acquired 1275 gold pieces
    88 | D:1      | Acquired 1252 gold pieces
   159 | D:1      | Reached XP level 2. HP: 20/20 MP: 3/6
   193 | D:1      | Gained mutation: You are partially covered in iridescent
                  | scales. (AC +2) [potion of mutation]
   193 | D:1      | Gained mutation: You expend magic power (3 MP) to
                  | strengthen your wands. [potion of mutation]
   193 | D:1      | Gained mutation: You have hidden genetic potential. [potion
                  | of mutation]
   193 | D:1      | Gained mutation: You have great hidden genetic potential.
                  | [potion of mutation]
   282 | D:2      | Reached skill level 4 in Earth Magic
   301 | D:2      | Reached XP level 3. HP: 26/26 MP: 6/8
   325 | D:2      | Reached XP level 4. HP: 33/33 MP: 5/10
   328 | D:2      | Learned a level 2 spell: Passwall
   328 | D:2      | Gained mutation: You passively dampen the noise of your
                  | surroundings. [hidden potential]
   332 | D:2      | Learned a level 3 spell: Stone Arrow
   464 | D:3      | Learned a level 4 spell: Dispel Undead
   465 | D:3      | Found a runed translucent gate.
   465 | D:3      | Found a runed translucent gate.
   465 | D:3      | Found a runed translucent gate.
   575 | D:3      | Found a glowing silver altar of Zin.
   644 | D:3      | Reached skill level 1 in Necromancy
   646 | D:3      | Reached XP level 5. HP: 36/38 MP: 4/11
   803 | D:3      | Noticed turdburglar's ghost (amateur MfGl)
   865 | D:3      | Slain by a wyvern zombie

Illustrated notes

Levels and vault maps discovered:
D:1:      spicycebolla_arrival_ecumenical, layout_loops_ring
D:2:      layout_basic
D:3:      layout_rooms, mainiacjoe_overflow_paths, gammafunk_ghost_necromancy

Skill      XL: |  1  2  3  4 |
---------------+-------------+-----
Spellcasting   | 3 |  3.9
Earth Magic    | 4 |  4.6
Transmutations | 2 |  2.3
Necromancy     | 1 |  1.1
Dodging        | |  2.4
Stealth        | |  1.4

Action                     |  1- 3 |  4- 6 || total
---------------------------+-------+-------++-------
   Cast: Sandblast         |    13 |    26 ||    39
         Passwall          |       |     3 ||     3
         Stone Arrow       |       |     1 ||     1
    Use: Scroll            |     3 |       ||     3
         Potion            |     1 |       ||     1
 Armour: Robe              |       |    12 ||    12
  Dodge: Dodged            |     1 |     8 ||     9
